 Dungeon Crawl Stone Soup version 0.30.1-3-gfc49f6343a (webtiles) character file.

Game seed: 11864810019540029061

72 Atelerd the Digger (level 4, 0/27 HPs)
             Began as an Octopode Earth Elementalist on Aug 2, 2023.
             Slain by a goblin
             ... wielding a +0 dagger
             ... led by Robin
              (5 damage)
             ... on level 2 of the Dungeon.
             The game lasted 00:03:50 (1552 turns).

Atelerd the Digger (Octopode Earth Elementalist)    Turns: 1552, Time: 00:03:51

Health: 0/27       AC:  1    Str:  7    XL:     4   Next: 26%
Magic:  1/8        EV: 13    Int: 19    God:
Gold:   82         SH:  0    Dex: 12    Spells: 8/9 levels left

rFire   . . .        h - +0 dagger
rCold   . . .        (no shield)
rNeg    + . .        (helmet restricted)
rPois   .            (no amulet)
rElec   .            e - ring of positive energy
rCorr   .            (no ring)
SInv    .            (no ring)
Will    .....        (no ring)
Stlth   +++          (no ring)
HPRegen 0.24/turn    (no ring)
MPRegen 0.11/turn    (no ring)
                     (no ring)

%: no passive effects
@: brilliant
A: almost no armour, amphibious, 8 rings, camouflage 1, gelatinous body 1,
(nimble swimmer 1), tentacles
a: no special abilities


You were on level 2 of the Dungeon.
You visited 1 branch of the dungeon, and saw 3 of its levels.

You collected 82 gold pieces.

Inventory:

Hand Weapons
 h - a +0 dagger (weapon)
Magical Staves
 k - a staff of conjuration
Jewellery
 e - a ring of positive energy (left tentacle)
 l - a ring of flight
Scrolls
 b - 2 scrolls of identify {unknown}
 c - a scroll of enchant armour {unknown}
 f - a scroll of torment {unknown}
 g - a scroll of teleportation {unknown}
Potions
 a - a potion of magic
 m - a potion of cancellation


   Skills:
 + Level 0.1 Fighting
 - Level 2.0 Dodging
 - Level 2.6 Stealth
 + Level 0.3 Unarmed Combat
 + Level 3.2 Spellcasting
 + Level 1.0 Transmutations
 + Level 4.0 Earth Magic


You had 8 spell levels left.
You knew the following spells:

 Your Spells              Type           Power      Damage    Failure   Level
a - Sandblast             Erth           54%        2d13      3%          1

Your spell library contained the following spells:

 Spells                   Type           Power      Damage    Failure   Level
 Passwall                 Tmut/Erth      15%        N/A       9%          2
 Stone Arrow              Conj/Erth      30%        3d8       21%         3
 Petrify                  Tmut/Erth      18%        N/A       47%         4


Dungeon Overview and Level Annotations

Branches:
Dungeon (3/15)

Altars:

Annotations:
D:2 exclusion: downstairs, Robin


Innate Abilities, Weirdness & Mutations

You cannot wear most types of armour.
You are amphibious.
You can wear up to eight rings at the same time.
Your skin changes colour to match your surroundings (Stealth+).
Your rubbery body absorbs attacks. (AC +1, EV +1)
((You are camouflaged when in or above water. (Stealth+)))
You have tentacles for arms and can constrict up to eight enemies at once.


Message History

Confirm with . or Enter, or press ? or * to list all spells.
Aiming: Sandblast (safe; 3% risk of failure)
Press: ? - help, Shift-Dir - straight line, f - goblin, p - hobgoblin
Aim: a goblin, wielding a +0 dagger (strong, 77% to hit)
The blast of sand misses the goblin.
The hobgoblin no longer looks unusually strong.
The hobgoblin hits you but does no damage.
The goblin misses you.
Okay, then.
It was a potion of brilliance.
You feel clever all of a sudden. The hobgoblin barely misses you.
The goblin misses you.
Casting: Sandblast (safe; 3% risk of failure)
Confirm with . or Enter, or press ? or * to list all spells.
Aiming: Sandblast (safe; 3% risk of failure)
Press: ? - help, Shift-Dir - straight line, f/p - goblin
Aim: a goblin, wielding a +0 dagger (strong, 79% to hit)
You feel a surge of power!
The blast of sand misses the goblin.
The goblin hits you with a +0 dagger. The hobgoblin hits you.
* * * LOW HITPOINT WARNING * * *
The hobgoblin hits you.
* * * LOW HITPOINT WARNING * * *
Robin roars a battlecry!
The goblins go into a battle-frenzy!
The goblin hits you with a +0 dagger.
* * * LOW HITPOINT WARNING * * *
Casting: Sandblast (safe; 3% risk of failure)
Confirm with . or Enter, or press ? or * to list all spells.
Aiming: Sandblast (safe; 3% risk of failure)
Press: ? - help, Shift-Dir - straight line, f/p - goblin
Aim: a goblin, wielding a +0 dagger (strong, 79% to hit)
You feel a surge of power!
The blast of sand hits the goblin!
You kill the goblin!
Robin throws the goblin at you!
* * * LOW HITPOINT WARNING * * *
The hobgoblin closely misses you. The goblin hits you but does no damage.
You feel better. The hobgoblin hits you!
* * * LOW HITPOINT WARNING * * *
The goblin hits you with a +0 dagger.
You die...

................
...gS.g.........
....)...........
.......#..#####
.......#..#
.......#.g###
.......#ggS.#
.......##g#.##
.######
#@#.[########
#g#.........#
#.#.........#
#.#.........#
#.#.........#
#.#.....†...#
#...........#
####.##.#####
#.##..#########


You could see Robin, a hobgoblin (strong), 3 goblins and a ball python.

Vanquished Creatures
  Jessica (D:3)
  A dart slug (D:2)
  An orc (D:3)
  3 bats (D:1)
  An endoplasm (D:1)
  A giant cockroach (D:1)
  6 goblins
  6 hobgoblins
  3 jackals (D:1)
  3 quokkas
  4 ball pythons (D:1)
  2 frilled lizards (D:1)
  A kobold (D:1)
  6 rats
39 creatures vanquished.

Notes
Turn   | Place    | Note
-------+----------+-------------------------------------------
     0 | D:1      | Atelerd the Octopode Earth Elementalist began the quest for
                  | the Orb.
     0 | D:1      | Reached XP level 1. HP: 11/11 MP: 3/3
   147 | D:1      | Reached XP level 2. HP: 17/17 MP: 1/5
   654 | D:1      | Found a faded altar of an unknown god.
   801 | D:1      | Reached XP level 3. HP: 21/21 MP: 4/6
  1188 | D:2      | Noticed Robin
  1244 | D:3      | Noticed Jessica
  1260 | D:3      | Killed Jessica
  1298 | D:3      | Reached XP level 4. HP: 18/27 MP: 5/8
  1546 | D:2      | Reached skill level 4 in Earth Magic
  1551 | D:2      | HP: 1/27 [Robin/goblin (2)]
  1552 | D:2      | Slain by a goblin

Illustrated notes

Levels and vault maps discovered:
D:1:      zaba_arrival_water, layout_basic, shapermc_ecumenical_altar_gd
D:2:      layout_basic, uniq_robin
D:3:      layout_basic, nicolae_overflow_ecumenical_swirl, columned_hall_lemuel,
          corner_web_ring, kennysheep_crisscross, minmay_misc_feat_iff,
          guppyfry_early_orc_mine, uniq_jessica, uniq_grinder, uniq_terence

Skill      XL: |  1  2  3  4 |
---------------+-------------+-----
Spellcasting   | 3 |  3.2
Earth Magic    | 4 |  4.0
Fighting       | |  0.1
Dodging        | |  2.0
Stealth        | |  2.6
Unarmed Combat | |  0.3
Transmutations | |  1.0

Action                     |  1- 3 |  4- 6 || total
---------------------------+-------+-------++-------
  Melee: Unarmed           |     4 |       ||     4
         Constrict         |     3 |       ||     3
         Tentacles         |     2 |       ||     2
         Dagger            |     2 |     2 ||     4
   Cast: Sandblast         |    31 |    15 ||    46
    Use: Potion            |       |     5 ||     5
   Stab: Sleeping          |     1 |       ||     1
 Armour: Skin              |     2 |     4 ||     6
  Dodge: Dodged            |    20 |    20 ||    40
